Map: Tokamak LE

Players

Sindyr

  • Race: Zerg Zerg
  • League: Master
  • Spawn Location: 7:00

JumpyWizard - Winner!

  • Race: Terran Terran
  • League: Gold
  • Spawn Location: 1:00

VOD

Have the link to the VOD?

Description

Time

  • Played on: Oct. 14, 2025, 11:10 a.m.
  • Length: 4:31
Show
View Real Time Build Order
Export as new Build Order

Sindyr Zerg 

Build Orders: Pool First 

Get SALT Encoding   

  12  0:05  Drone  
  14  0:14  Drone  
  14  0:16  Overlord  
  14  0:36  Extractor  
  14  0:37  Drone x2  
  14  0:39  Drone  
  16  0:50  Spawning Pool  
  16  0:51  Drone  
  16  0:59  Drone  
  17  1:22  Hatchery  
  17  1:25  Drone x2  
  18  1:30  Extractor  
  17  1:40  Zergling x2  
  17  1:46  Queen  
  20  1:50  Zergling x2  
  21  2:01  Zergling x2  
  21  2:04  Overlord  
  23  2:22  Drone  
  23  2:34  Queen  
  23  2:36  Drone x3  
  28  2:46  Drone  
  28  2:47  Drone  
  30  2:51  Metabolic Boost  
  30  2:56  Drone  
  31  3:01  Drone  
  31  3:03  Drone  
  33  3:22  Hatchery  
  32  3:28  Drone  
  32  3:29  Drone x2  
  32  3:31  Drone  
  36  3:37  Overlord  
  37  3:53  Overlord  
  37  3:54  Overlord  
  37  4:00  Roach Warren  
  37  4:02  Zergling x14  
  43  4:14  Zergling x4  
Show
View Real Time Build Order
Export as new Build Order

JumpyWizard Terran - Winner!

Build Orders:  

Get SALT Encoding   

  12  0:00  SCV  
  13  0:13  SCV  
  14  0:18  Supply Depot  
  14  0:25  SCV  
  15  0:40  SCV  
  16  0:43  Barracks  
  16  0:53  SCV  
  16  0:56  Refinery  
  17  1:00  Refinery  
  17  1:05  SCV  
  18  1:17  SCV  
  19  1:30  Orbital Command  
  19  1:33  Barracks Reactor  
  19  1:35  Barracks  
  19  1:48  Supply Depot  
  19  1:55  SCV  
  20  2:07  SCV  
  21  2:10  Marine  
  21  2:11  Marine  
  21  2:15  Supply Depot  
  23  2:19  SCV  
  23  2:22  Barracks Tech Lab  
  24  2:29  Marine x2  
  24  2:32  SCV  
  27  2:42  Marauder  
  29  2:45  Concussive Shells  
  29  2:47  Marine x2  
  31  3:03  Marauder  
  31  3:05  Marine x2  
  35  3:23  Marine x2  
  39  3:34  Marauder  
  39  3:51  Command Center  
  39  3:55  Supply Depot  
  39  3:56  Engineering Bay  
  39  4:17  SCV  
Tags
 
Matchup
TvZ
Opening
Pool First
Replay Pack
Multiplayer
Spawn Locations
Cross Positions
Add a new tag
Caveats
  • Supply blocks, unpowered buildings, or Contaminate may cause inaccurate times.
  • Supply counts are checked every 10 seconds.